Cogmind - Beta 16.1 @@@ ROGUE MODE // 2026.03.11 @ 21:16:49 Player: KURIIRI Result: Self-destructed Performance ------------- Evolutions (3) 1500 Regions Visited (10) 2000 Robots Destroyed (191) 955 Value Destroyed (7865) 7865 Prototype IDs (58) 1160 Alien Tech Used (0) 0 Bonus (1107) 1107 TOTAL SCORE: 14587 Bonus ------- High Alert Combat Kills 407 Entered Garrisons 400 Aligned with FarCom 300 Cogmind --------- Core Integrity 647/700 Matter 2/300 Energy 290/290 System Corruption 11% Temperature Cool (0) Movement Treading (320) Ox2 Location -7/Waste Parts ------- > --- POWER (1) -------- Improved Deuterium Engine > --- PROPULSION (4) --- Medium Treads > --- UTILITY (6) ------ Improved Heat Sink High-capacity Storage Unit Advanced Targeting Computer Hacking Suite System Shield > --- WEAPON (2) ------- Heavy Rocket Launcher > --- INVENTORY (20) --- Micro Nuclear Core Armored Treads Armored Treads Compact Wheel Superbattery (1500) Advanced Targeting Computer Improved Medium Armor Plating Improved Medium Armor Plating Hacking Suite System Shield System Shield System Restoration Module Improved EM Pulse Cannon Improved EM Pulse Cannon Improved EM Pulse Cannon Improved EM Pulse Cannon Advanced Assault Cannon Mini Assault Cannon Proton Missile Launcher Great Axe Peak State ------------ > --- POWER ------------ Improved Deuterium Engine > --- PROPULSION ------- Advanced Treads Medium Treads Medium Treads Improved Airjet > --- UTILITY ---------- Improved Heat Sink High-capacity Storage Unit Advanced Targeting Computer Improved Medium Armor Plating Hacking Suite System Shield > --- WEAPON ----------- Advanced Assault Cannon Mini Assault Cannon > --- INVENTORY -------- Micro Nuclear Core Armored Treads Armored Treads Compact Wheel Superbattery Advanced Targeting Computer Improved Medium Armor Plating Improved Medium Armor Plating Hacking Suite System Shield System Shield System Restoration Module Improved EM Pulse Cannon Improved EM Pulse Cannon Improved EM Pulse Cannon Improved EM Pulse Cannon Proton Missile Launcher Heavy Rocket Launcher Heavy Rocket Launcher Great Axe [Rating: 53] Favorites ----------- Power Improved Deuterium Engine Engine Improved Deuterium Engine Power Core Micro Nuclear Core Propulsion Light Treads Treads Light Treads Leg Aluminum Leg Wheel Compact Wheel Hover Unit Gravmag System Utility High-capacity Storage Unit Device Improved Heat Sink Storage High-capacity Storage Unit Processor Advanced Targeting Computer Hackware System Shield Protection Improved Medium Armor Plating Weapon Improved EM Pulse Cannon Energy Gun Shock Rifle Energy Cannon Improved EM Pulse Cannon Ballistic Gun Assault Rifle Ballistic Cannon Advanced Assault Cannon Launcher Grenade Launcher Slashing Weapon Great Axe Special Melee Weapon Datajack Build | -11 -10 -10 -10 -9 -8 -8 -8 -8 -7 -7 ------- Run | Yrd Mat Min Exi Min Mat Gar Mat Gar Fac Was Slots Evolved 6 | . . . . . 4 . . . 2 . Power . | . . . . . . . . . . . Propulsion 2 | . . . . . 1 . . . 1 . Utility 4 | . . . . . 3 . . . 1 . Weapon . | . . . . . . . . . . . Parts Attached 99 | 3 4 2 2 1 25 12 22 6 20 2 Power 9 | 1 . . . 1 3 . 2 . 2 . Engine 7 | 1 . . . 1 2 . 2 . 1 . Core 2 | . . . . . 1 . . . 1 . Reactor . | . . . . . . . . . . . Propulsion 27 | 2 1 . . . 4 5 9 . 6 . Treads 18 | 2 . . . . 3 2 7 . 4 . Leg 2 | . . . . . . 2 . . . . Wheel 4 | . 1 . . . 1 . 2 . . . Hover 3 | . . . . . . 1 . . 2 . Flight . | . . . . . . . . . . . Utility 23 | . 1 . . . 7 3 5 2 5 . Device 8 | . . . . . . 3 1 1 3 . Storage 1 | . 1 . . . . . . . . . Processor 2 | . . . . . 1 . . . 1 . Hackware 3 | . . . . . 1 . 1 . 1 . Protection 9 | . . . . . 5 . 3 1 . . Artifact . | . . . . . . . . . . . Weapon 40 | . 2 2 2 . 11 4 6 4 7 2 Energy Gun 17 | . . 1 . . 10 2 4 . . . Energy Cannon 7 | . . 1 . . 1 . . 3 2 . Ballistic Gun 2 | . 1 . . . . . 1 . . . Ballistic Cannon 5 | . . . . . . 1 . . 4 . Launcher 7 | . 1 . 1 . . . 1 1 1 2 Special Weapon . | . . . . . . . . . . . Impact Weapon . | . . . . . . . . . . . Slashing Weapon 1 | . . . . . . 1 . . . . Piercing Weapon . | . . . . . . . . . . . Special Melee Weapon 1 | . . . 1 . . . . . . . Unidentified Prototypes 9 | . . . . . 4 . 3 . 2 . Parts Lost 22 | . . . . . 3 8 7 1 1 2 Power 2 | . . . . . . . 1 . 1 . Propulsion 8 | . . . . . 2 3 3 . . . Utility 4 | . . . . . . 1 1 1 . 1 Weapon 8 | . . . . . 1 4 2 . . 1 Highest Loss Streak 4 | . . . . . 1 2 4 1 1 2 To Critical Strikes . | . . . . . . . . . . . Average Backups 16 | 6 4 8 14 13 16 18 18 19 19 20 Power 2 | 1 . 1 4 5 6 4 2 1 . 1 Propulsion 2 | 4 1 3 3 2 . 1 2 4 3 3 Utility 5 | . . . . 1 3 8 8 6 7 8 Weapon 5 | 1 1 3 5 4 6 3 4 7 7 8 Tool/Special . | . . . . . . . . . . . Unused Backups 40 | . 3 . . . 9 . 9 3 3 13 Power 8 | . 1 . . . 3 . 3 . . 1 Propulsion 4 | . . . . . . . 1 . . 3 Utility 16 | . 2 . . . 1 . 3 1 1 8 Weapon 12 | . . . . . 5 . 2 2 2 1 Tool/Special . | . . . . . . . . . . . Average Slot Usage (%) 92 | . 85 85 76 85 91 87 92 99 99 97 Engine 8 | . 14 14 14 14 6 9 7 9 5 7 Treads 22 | . 21 14 14 14 17 21 24 22 29 28 Wheel 4 | . 6 14 14 14 9 . 1 4 . . Device 5 | . . . . . . 8 9 8 7 7 Storage 9 | . 14 14 14 14 9 9 9 9 7 7 Processor 2 | . . . . . 7 2 . . 5 7 Hackware 11 | . . . . . 8 9 16 18 16 15 Protection 7 | . . . . . 12 8 8 9 6 7 Energy Gun 6 | . 14 3 . . 15 7 11 2 . . Energy Cannon 5 | . . 10 4 14 1 . . 14 11 . Ballistic Cannon 1 | . . . . . . 1 2 . 2 3 Launcher 1 | . . 11 5 14 . . . . . 10 Peak Build Rating 53 | 6 7 7 9 9 35 39 39 41 53 51 Average Rating 31 | 6 6 6 8 9 26 31 31 38 49 48 On Entrance 21 | 6 6 6 7 9 9 35 31 39 40 51 Avg Prop Armor Cover (%) 13 | . 13 12 16 12 14 6 10 16 13 . Naked Turns . | . . . . . . . . . . . Heaviest Build 72 | 14 49 51 51 51 64 66 70 72 72 72 Greatest Support 98 | 40 40 16 16 16 16 60 60 60 98 98 Greatest Overweight (x) 7 | . 3 3 3 3 3 7 3 4 4 2 Average Overweight (x) 1 | . 1 3 2 3 3 . . 3 . . Largest Inventory Capacity 20 | 8 20 20 20 20 20 20 20 20 20 20 Average Capacity 19 | 8 13 20 20 20 20 20 20 20 20 20 Most Carried 20 | 6 6 14 19 18 20 20 20 20 20 20 Average Carried 17 | 5 4 10 18 17 19 18 18 19 19 20 Final Capacity 20 | 8 20 20 20 20 20 20 20 20 20 20 Final Carried 20 | 2 6 14 18 17 20 18 20 19 20 20 Class Distribution -------------------- 49% | Hacker-Mutant 32% | Mutant 17% | Scavenger-Mutant Dominant Class ---------------- Mutant | -10/Materials Mutant | -10/Mines Mutant | -10/Exiles Mutant | -9/Mines Scavenger-Mutant | -8/Materials Mutant | -8/Garrison Hacker-Mutant | -8/Materials Hacker-Mutant | -8/Garrison Hacker-Mutant | -7/Factory Hacker-Mutant | -7/Waste Resources | -11 -10 -10 -10 -9 -8 -8 -8 -8 -7 -7 ----------- Run | Yrd Mat Min Exi Min Mat Gar Mat Gar Fac Was Matter Collected 2834 | 200 185 76 . 17 483 446 472 187 768 . Remotely . | . . . . . . . . . . . Salvage Created 7508 | . 370 12 . 41 1327 682 1755 1104 1597 620 Parts 375 | . 18 4 . 14 61 58 94 50 67 9 Haulers Intercepted 10 | . 1 . . . 3 . 5 . 1 . Recyclers Shooed 5 | . 1 . . . 1 . 1 . 2 . Parts Field Recycled . | . . . . . . . . . . . Retrieved Matter . | . . . . . . . . . . . Parts Self-Destructed . | . . . . . . . . . . . Prevented . | . . . . . . . . . . . Parts Restored . | . . . . . . . . . . . Kills | -11 -10 -10 -10 -9 -8 -8 -8 -8 -7 -7 ------- Run | Yrd Mat Min Exi Min Mat Gar Mat Gar Fac Was Combat Hostiles Destroyed 141 | . 7 3 . 7 23 26 22 26 24 3 Melee 4 | . . . . . . 4 . . . . Guns 31 | . 4 . . . 9 4 10 4 . . Cannons 53 | . . . . . 1 9 9 17 17 . AOE 42 | . 3 3 . 7 11 9 2 3 1 3 Classes Destroyed 17 | . 5 . . 1 5 3 2 . . 1 Worker 8 | . . . . . 2 . 3 . 3 . Builder 3 | . . . . 1 . . 1 . 1 . Tunneler 1 | . . . . . . . 1 . . . Hauler 10 | . 1 . . . 3 . 5 . 1 . Recycler 8 | . 1 . . . 3 . 4 . . . Mechanic 2 | . . . . . 1 . . 1 . . Operator 2 | . . . . . 2 . . . . . Watcher 16 | . 2 . . . 1 . 5 1 7 . Swarmer 39 | . 3 3 . 7 7 10 2 7 . . Cutter 3 | . . . . . . 2 . 1 . . Grunt 49 | . 4 . . . 9 7 10 10 9 . Brawler 4 | . . . . . . 1 . 1 2 . Duelist 2 | . . . . . 1 . 1 . . . Sentry 27 | . . . . . 6 3 8 5 5 . Hunter 2 | . . . . . . . 1 . 1 . Programmer 12 | . . . . . . 3 . 2 7 . Compactor 3 | . . . . . . . . . . 3 Best Kill Streak 11 | . 3 3 . 8 9 11 3 4 7 2 Combat Bots Only 11 | . 3 3 . 7 9 11 2 4 4 2 Max Kills in Single Turn 4 | . 1 2 . 3 4 2 2 3 2 1 Gunslinging . | . . . . . . . . . . . Exploded 4 | . 1 2 . 2 4 2 2 3 1 1 Melee 1 | . . . . . . 1 . . . . Uniques/NPCs Destroyed . | . . . . . . . . . . . Combat | -11 -10 -10 -10 -9 -8 -8 -8 -8 -7 -7 -------- Run | Yrd Mat Min Exi Min Mat Gar Mat Gar Fac Was Hostile Shots Fired 552 | . 30 5 . 23 87 104 82 74 145 2 Missed 197 | . 8 2 . 6 22 32 29 25 73 . Hits 355 | . 22 3 . 17 65 72 53 49 72 2 Melee 6 | . . . . . . 1 3 . . 2 Projectile 349 | . 22 3 . 17 65 71 50 49 72 . AOE 1 | . . . . . . 1 . . . . Critical Strikes 12 | . 2 . . . 5 2 . . 2 1 Damage Taken 5063 | . 290 25 . 138 791 1142 875 694 829 279 Core 467 | . 57 . . 26 45 104 90 92 23 30 Absorbed by Shields 86 | . . . . . 15 18 28 25 . . Redirected to Shielding 4 | . . . . . 4 . . . . . Ignored by Resistances 58 | . . . . . 40 . 18 . . . Regen/Repaired (Parts) 169 | . . . . . 50 . 46 . 73 . Core Remaining (%) 68 | 100 . . . 66 . . . 39 . . Volleys Fired 482 | . 31 4 . 7 71 78 105 76 103 7 Largest 2 | . 2 1 . 1 2 2 2 2 2 2 Hottest 138 | . 70 60 . 30 110 100 122 138 138 78 Shots Fired 748 | . 58 4 . 7 129 92 172 128 145 13 Gun 385 | . 54 . . . 107 52 133 39 . . Cannon 302 | . . 2 . . 13 26 37 84 140 . Launcher 61 | . 4 2 . 7 9 14 2 5 5 13 Special . | . . . . . . . . . . . Kinetic 157 | . 27 . . . . 26 37 . 67 . Thermal 171 | . 27 2 . . 26 . 77 39 . . Explosive 56 | . 4 2 . 7 9 14 2 5 . 13 Electromagnetic 364 | . . . . . 94 52 56 84 78 . Robot Hit Streak 20 | . 7 1 . 2 12 12 17 15 20 6 Robot Miss Streak 4 | . 2 1 . . 3 3 4 3 3 1 Penetration Max . | . . . . . . . . . . . Secondary Targets 2 | . 1 . . . . . 1 . . . Max Gunslinging Chain 1 | . 1 . . . . . 1 . . . Shots Hit Robots 470 | . 40 2 10 1 84 43 107 72 103 8 Core Hits 264 | . 20 3 . 13 54 43 55 30 39 7 Critical Kills . | . . . . . . . . . . . Critical Parts Destroyed . | . . . . . . . . . . . Critical Strikes 22 | . 1 . . . 1 3 6 6 5 . Burn 11 | . 1 . . . . . 5 5 . . Blast 5 | . . . . . . 1 1 . 3 . Corrupt 4 | . . . . . 1 . . 1 2 . Sever 2 | . . . . . . 2 . . . . Melee Attacks 37 | . . . 10 . . 27 . . . . Impact . | . . . . . . . . . . . Slashing 27 | . . . . . . 27 . . . . Piercing . | . . . . . . . . . . . Sneak Attacks 10 | . . . 10 . . . . . . . Combat Hostiles . | . . . . . . . . . . . Follow-up Attacks . | . . . . . . . . . . . Damage Inflicted 16137 | . 660 147 . 330 2339 1774 2688 2410 3821 1968 Guns 4158 | . 511 . . . 1274 214 1571 588 . . Cannons 6022 | . . 18 . . 158 472 779 1401 3194 . Explosions 5470 | . 149 129 . 330 898 623 337 421 615 1968 Melee 465 | . . . . . . 465 . . . . Ramming 22 | . . . . . 9 . 1 . 12 . Kinetic 3009 | . 270 . . . . 472 779 . 1488 . Thermal 2437 | . 241 18 . . 337 35 1098 649 59 . Explosive 4572 | . 149 129 . 330 843 588 205 360 . 1968 Electromagnetic 5632 | . . . . . 1150 214 605 1401 2262 . Impact . | . . . . . . . . . . . Slashing 465 | . . . . . . 465 . . . . Piercing . | . . . . . . . . . . . Highest Corruption 11 | . . . . . . 4 . 2 3 11 Average Corruption 2 | . . . . . . 3 . 1 1 9 Corruption Purged 13 | . . . . . . 4 . 2 7 . Corruption Blocked . | . . . . . . . . . . . Effects 37 | . . . . . . 7 . 8 17 5 Message Errors 9 | . . . . . . 1 . 3 2 3 Matter Fused 11 | . . . . . . 1 . 3 7 . Heat Flow Errors 3 | . . . . . . . . . 3 . Energy Discharges 3 | . . . . . . 1 . . 2 . Parts Rejected 1 | . . . . . . . . . . 1 Data Loss (minor) 4 | . . . . . . 2 . 2 . . Data Loss (major) 2 | . . . . . . . . . 2 . Misfires 1 | . . . . . . 1 . . . . Alerts 2 | . . . . . . 1 . . 1 . Weapon Failures 1 | . . . . . . . . . . 1 Overload Shots . | . . . . . . . . . . . Overflow Damage 329 | . 30 . . 13 . 11 43 55 177 . Projectiles 194 | . . . . . . . 12 34 148 . Explosions 135 | . 30 . . 13 . 11 31 21 29 . Melee . | . . . . . . . . . . . Knockbacks 17 | . . . . . . 1 4 . 12 . Impact . | . . . . . . . . . . . Kinetic 16 | . . . . . . . 4 . 12 . Secondary 1 | . . . . . . 1 . . . . Self-Inflicted Damage 405 | . . . . . 21 156 39 . . 189 Shots 11 | . . . . . 1 4 1 . . 5 Rammed 3 | . . . . . 1 . . . 2 . Targets Rammed 4 | . . . . . 1 . 1 . 2 . Kicked . | . . . . . . . . . . . Crushed 1 | . . . . . . . 1 . . . Highest Temperature 394 | . 216 40 . . 292 380 394 277 196 . Average Temperature 74 | . 68 24 . . 77 84 85 71 42 . Received Heat Transfer 1417 | . 138 . . . 341 258 332 183 165 . Effects 9 | . . . . . . 7 2 . . . Shutdowns 2 | . . . . . . 1 1 . . . Interference 5 | . . . . . . 5 . . . . Matter Decay 1 | . . . . . . 1 . . . . Short Circuit 1 | . . . . . . . 1 . . . Siege Activations . | . . . . . . . . . . . Martial Activations . | . . . . . . . . . . . Shielding Activations . | . . . . . . . . . . . Robots Disrupted . | . . . . . . . . . . . Combat Hostiles . | . . . . . . . . . . . Robots Corrupted 11 | . . . . . 2 . 1 1 7 . Combat Hostiles 10 | . . . . . 2 . 1 1 6 . Parts Fried 34 | . . . . . 10 . 3 7 14 . Impact Corruptions . | . . . . . . . . . . . Robots Melted 1 | . . . . . . . . 1 . . Combat Hostiles 1 | . . . . . . . . 1 . . Parts Melted 10 | . 2 . . . . . 7 1 . . Heat Transferred 5432 | . 777 37 . . 753 50 2346 1419 50 . Parts Sabotaged . | . . . . . . . . . . . Parts Stolen . | . . . . . . . . . . . Parts Stripped . | . . . . . . . . . . . Power Chain Reactions 8 | . . . . . 1 1 3 1 2 . Alert | -11 -10 -10 -10 -9 -8 -8 -8 -8 -7 -7 ------- Run | Yrd Mat Min Exi Min Mat Gar Mat Gar Fac Was Maximum Alert Level 4 | . . . . . 1 4 2 3 2 1 Low Security (%) 60 | 100 100 100 . 100 99 7 71 23 53 89 Level 1 11 | . . . . . . 11 13 21 15 10 Level 2 19 | . . . . . . 38 14 24 31 . Level 3 8 | . . . . . . 40 . 30 . . Level 4 . | . . . . . . . . . . . Level 5 . | . . . . . . . . . . . High Security . | . . . . . . . . . . . Max Security . | . . . . . . . . . . . Peak Influence 1140 | . 88 76 . 175 219 1140 593 1030 540 209 Initial 555 | . . 12 . . 56 32 555 . 540 186 Average 258 | . 32 7 . 65 60 632 194 487 256 190 Influence Increases 5430 | . 262 76 . 185 761 1188 768 1040 1101 49 Destroy 0b10 Robot/C 2760 | . 140 60 . 140 460 520 440 520 480 . Destroy 0b10 Robot/NC 250 | . 20 . . 5 60 . 95 10 60 . Destroy Leader 550 | . 36 10 . 20 118 10 160 20 176 . Allied During Kill 4 | . . . . . . . . 4 . . Trap Triggered on 0b10 40 | . . . . . . . . . 40 . Successful Hack 224 | . 38 . . . 20 12 4 16 134 . Disable Machine 165 | . . . . . 45 30 15 30 45 . Anti-Garrison Action 800 | . . . . . . 450 . 350 . . Destroy Structure 457 | . 28 6 . 20 43 166 39 90 16 49 Partial Spotted 15 | . . . . . 15 . . . . . Lose Combat Pursuer 165 | . . . . . . . 15 . 150 . Influence Decreases 5255 | . 230 108 . 40 856 98 1907 11 1597 408 Entered New Map 1551 | . . 20 . . 89 18 585 1 490 348 Time Decay 2214 | . 230 88 . 40 524 . 645 . 647 40 Lost Part 220 | . . . . . 30 80 70 10 10 20 Purge Threat 1270 | . . . . . 213 . 607 . 450 . Squads Dispatched 15 | . . . . . 1 . 2 . 12 . Investigation . | . . . . . . . . . . . Extermination 7 | . . . . . . . . . 7 . Reinforcement 3 | . . . . . 1 . 1 . 1 . Assault 2 | . . . . . . . . . 2 . Garrison 3 | . . . . . . . 1 . 2 . Intercept . | . . . . . . . . . . . Searches Triggered . | . . . . . . . . . . . Construction Impeded 2 | . . . . . . . 1 . 1 . Haulers Reinforced . | . . . . . . . . . . . Active Scanning Responses . | . . . . . . . . . . . Cargo Convoy Interrupts . | . . . . . . . . . . . Stealth | -11 -10 -10 -10 -9 -8 -8 -8 -8 -7 -7 --------- Run | Yrd Mat Min Exi Min Mat Gar Mat Gar Fac Was Distress Signals 6 | . 1 . . . . . 2 2 1 . Communications Jammed . | . . . . . . . . . . . Distress Signals . | . . . . . . . . . . . Times Spotted 184 | . 12 3 . 7 31 25 35 26 40 5 Peak Tracking Total 8 | . 3 3 . 5 8 6 5 4 5 4 Tactical Retreats 11 | . . . . . . . 1 . 10 . Traps | -11 -10 -10 -10 -9 -8 -8 -8 -8 -7 -7 ------- Run | Yrd Mat Min Exi Min Mat Gar Mat Gar Fac Was Traps Triggered 11 | . . . . . 1 4 . 5 1 . Indirectly . | . . . . . . . . . . . Trap Hack Attempts . | . . . . . . . . . . . Triggered . | . . . . . . . . . . . Disarmed . | . . . . . . . . . . . Reprogrammed 6 | . . . . . . . . . 6 . Reused 4 | . . . . . . . . . 4 . Traps Extracted . | . . . . . . . . . . . Installed 3 | . . . . . 1 2 . . . . Triggered 4 | . . . . . . . . . 4 . Most Traps Carried 4 | . . 4 4 4 4 2 . . . . Machines | -11 -10 -10 -10 -9 -8 -8 -8 -8 -7 -7 ---------- Run | Yrd Mat Min Exi Min Mat Gar Mat Gar Fac Was Machines Disabled 26 | . . . . . 3 12 1 7 3 . Max in Single Turn 2 | . . . . . 1 2 1 1 1 . Garrison Relay 8 | . . . . . . 4 . 4 . . Phase Generator 1 | . . . . . . 1 . . . . Machines Repaired . | . . . . . . . . . . . Machines Dismantled . | . . . . . . . . . . . Machines Sabotaged . | . . . . . . . . . . . Overloaded Fab Kills . | . . . . . . . . . . . Hacking | -11 -10 -10 -10 -9 -8 -8 -8 -8 -7 -7 --------- Run | Yrd Mat Min Exi Min Mat Gar Mat Gar Fac Was Machines Accessed 51 | . 5 . 4 . 10 4 11 3 14 . Terminals 38 | . 5 . . . 8 4 8 3 10 . Fabricators 1 | . . . . . . . . . 1 . Repair Stations 4 | . . . . . 1 . 1 . 2 . Recycling Units 1 | . . . . . . . . . 1 . Scanalyzers 1 | . . . . . . . 1 . . . Garrison Access 2 | . . . . . 1 . 1 . . . Total Hacks 193 | . 20 . 15 . 43 9 40 8 58 . Successful 122 | . 13 . 15 . 32 1 23 2 36 . Failed 67 | . 7 . . . 9 8 16 6 21 . Catastrophic 5 | . . . . . . 2 1 1 1 . Database Lockouts 4 | . . . . . 2 . 1 . 1 . Manual 92 | . 17 . 1 . 25 1 19 2 27 . Terminals 148 | . 20 . . . 36 9 29 8 46 . Fabricators 1 | . . . . . . . . . 1 . Repair Stations 22 | . . . . . 6 . 6 . 10 . Recycling Units 1 | . . . . . . . . . 1 . Scanalyzers 4 | . . . . . . . 4 . . . Garrison Access 2 | . . . . . 1 . 1 . . . Terminal Hacks 66 | . 3 . 15 . 15 1 9 2 21 . Record 17 | . . . 14 . 1 . . . 2 . Part Schematic 2 | . . . . . 1 . . . 1 . Robot Analysis 9 | . 2 . . . 3 . 1 . 3 . Prototype ID Bank 6 | . . . . . 2 . 2 . 2 . Branch Access Points 2 | . . . . . 1 . . . 1 . Emergency Access Points 1 | . . . . . . . . 1 . . Machine Index 1 | . . . . . . . . . 1 . Scanalyzer Index 1 | . . . . . 1 . . . . . Alert Level 4 | . . . . . 2 . . . 2 . Unreport Threat 10 | . . . . . 2 . 5 . 3 . Locate Traps 3 | . . . . . . . . . 3 . Reprogram Traps 1 | . . . . . . . . . 1 . Recall Assault 1 | . . . . . . . . . 1 . Registered Prototypes 1 | . . . . . . . . . 1 . Zone Layout 4 | . 1 . . . 2 . 1 . . . Garrison Registry 1 | . . . . . . . . 1 . . Patrol Navigation 1 | . . . . . . 1 . . . . Proto ID Catalog 1 | . . . 1 . . . . . . . Fabricator Hacks 1 | . . . . . . . . . 1 . Network Status 1 | . . . . . . . . . 1 . Repair Station Hacks 14 | . . . . . 6 . 4 . 4 . Scan Component 7 | . . . . . 3 . 2 . 2 . Repair 7 | . . . . . 3 . 2 . 2 . Recycling Unit Hacks . | . . . . . . . . . . . Scanalyzer 2 | . . . . . . . 2 . . . Retrieve Study 2 | . . . . . . . 2 . . . Garrison Access Hacks 2 | . . . . . 1 . 1 . . . Unlock Access 2 | . . . . . 1 . 1 . . . Unauthorized Hacks 37 | . 10 . . . 10 . 7 . 10 . Terminals 36 | . 10 . . . 10 . 7 . 9 . Assimilate 3 | . 1 . . . 2 . . . . . Botnet 11 | . 3 . . . 3 . 2 . 3 . Operators 2 | . 1 . . . . . . . 1 . Skim 20 | . 5 . . . 5 . 5 . 5 . Fabricators . | . . . . . . . . . . . Repair Stations . | . . . . . . . . . . . Recycling Units 1 | . . . . . . . . . 1 . Mask 1 | . . . . . . . . . 1 . Scanalyzers . | . . . . . . . . . . . Garrison Access . | . . . . . . . . . . . Data Cores Recovered 1 | . . . . . 1 . . . . . Used . | . . . . . . . . . . . Hacking Detections 38 | . 5 . . . 7 4 10 3 9 . Full Trace Events 2 | . . . . . . 1 . 1 . . Feedback Events . | . . . . . . . . . . . Feedback Blocked 1 | . . . . . . . . 1 . . Robot Schematics Acquired . | . . . . . . . . . . . Robots Built . | . . . . . . . . . . . Authchips . | . . . . . . . . . . . Time . | . . . . . . . . . . . Total Robot Build Rating . | . . . . . . . . . . . Part Schematics Acquired 2 | . . . . . 1 . . . 1 . Parts Built . | . . . . . . . . . . . Authchips . | . . . . . . . . . . . Time . | . . . . . . . . . . . Total Part Build Rating . | . . . . . . . . . . . Part Studies Acquired 2 | . . . . . . . 2 . . . Parts Repaired 7 | . . . . . 3 . 2 . 2 . Time 306 | . . . . . 144 . 120 . 42 . Parts Recycled . | . . . . . . . . . . . Recycled Matter . | . . . . . . . . . . . Retrieved Matter . | . . . . . . . . . . . Retrieved Components . | . . . . . . . . . . . Parts Scanalyzed . | . . . . . . . . . . . Part Schematics Acquired . | . . . . . . . . . . . Parts Damaged . | . . . . . . . . . . . Bothacking | -11 -10 -10 -10 -9 -8 -8 -8 -8 -7 -7 ------------ Run | Yrd Mat Min Exi Min Mat Gar Mat Gar Fac Was Used RIF Installer . | . . . . . . . . . . . Robots Hacked 7 | . . . 7 . . . . . . . Non-combat 4 | . . . 4 . . . . . . . Combat 3 | . . . 3 . . . . . . . Robot Hacks Applied 10 | . . . 10 . . . . . . . parse_system 10 | . . . 10 . . . . . . . Relay Couplers Released 33 | . . . . . . 17 . 16 . . Machine Destruction 33 | . . . . . . 17 . 16 . . Fabnet Peak Effective % . | . . . . . . . . . . . Robots Rewired 1 | . . . . . . . . 1 . . Allies Hacked 1 | . . . . . . . . . 1 . Hacks Repelled 2 | . . . . . . . . . 2 . Allies | -11 -10 -10 -10 -9 -8 -8 -8 -8 -7 -7 -------- Run | Yrd Mat Min Exi Min Mat Gar Mat Gar Fac Was Total Allies 3 | . 1 . . . 1 . . 1 . . Largest Group 3 | . 1 1 1 1 2 2 2 3 1 . Highest-Rated Group 36 | . 10 10 10 10 20 20 20 36 10 . Highest-Rated Ally 16 | . 10 10 10 10 10 10 10 16 10 . Initial Warlord ECA Mod 17 | . . . . . . . 10 10 17 17 Total Orders 67 | . 2 2 . 2 10 9 18 11 13 . STAY 36 | . 1 1 . 1 5 6 9 6 7 . ROAM 1 | . . . . . . . . 1 . . FOLLOW 30 | . 1 1 . 1 5 3 9 4 6 . Ally Attacks 1 | . . . . . . . . 1 . . Total Damage 15 | . . . . . . . . 15 . . Kills . | . . . . . . . . . . . Allies Corrupted . | . . . . . . . . . . . Allies Melted . | . . . . . . . . . . . Intel | -11 -10 -10 -10 -9 -8 -8 -8 -8 -7 -7 ------- Run | Yrd Mat Min Exi Min Mat Gar Mat Gar Fac Was Active Infowar (turns) 1848 | . . . . . 1592 256 . . . . Machine Analysis 1848 | . . . . . 1592 256 . . . . Robot Analysis Total 8 | . 2 . . . 2 . 1 . 3 . Derelict Logs Recovered 3 | . . 2 . 1 . . . . . . Drone Launches . | . . . . . . . . . . . Drone Recoveries . | . . . . . . . . . . . Exploration | -11 -10 -10 -10 -9 -8 -8 -8 -8 -7 -7 ------------- Run | Yrd Mat Min Exi Min Mat Gar Mat Gar Fac Was Turns Passed 13445 | 9 667 865 785 177 1839 1673 2544 1390 3412 84 Spaces Moved 6751 | 3 359 568 563 109 882 720 1087 562 1862 36 Core . | . . . . . . . . . . . Treads 3632 | 1 217 . . . . 641 891 176 1670 36 Legs 32 | 2 . . . . . 30 . . . . Wheels 3085 | . 142 568 563 109 882 47 196 386 192 . Hover 2 | . . . . . . 2 . . . . Flight . | . . . . . . . . . . . Fastest Speed 115 | 120 145 145 130 145 145 145 115 150 150 158 Average Speed 160 | 133 154 145 135 145 145 187 178 176 158 164 Slowest Speed 540 | 160 160 145 145 145 145 540 216 250 165 320 Overloaded Moves . | . . . . . . . . . . . Propulsion Burnouts . | . . . . . . . . . . . Robots Hopped . | . . . . . . . . . . . Potential Cave-ins . | . . . . . . . . . . . Cave-ins Triggered . | . . . . . . . . . . . Exploration Rate (%) 61 | 2 64 98 91 32 55 90 80 76 46 43 Regions Visited 10 Branch Regions 3 Pre-discovered Areas 7 | . 1 . 1 . 1 . 1 . 3 . Known Exits Taken 2 | . . . . . 1 . 1 . . . Unknown Exits Taken 5 | 1 1 1 1 1 . . . . . . Scrap Searched 2 | . . 2 . . . . . . . . Spaces Dug 20 | . 9 . . . . 11 . . . . Terrain Destroyed 495 | . 36 9 . 33 39 176 46 36 15 105 Melee 2 | . . . . . . 2 . . . . Projectile 16 | . . . . . . . 5 2 9 . AOE 477 | . 36 9 . 33 39 174 41 34 6 105 Terrain Rammed . | . . . . . . . . . . . Walls Destroyed . | . . . . . . . . . . . Machines Disabled . | . . . . . . . . . . . Actions | -11 -10 -10 -10 -9 -8 -8 -8 -8 -7 -7 --------- Run | Yrd Mat Min Exi Min Mat Gar Mat Gar Fac Was Total 8538 | 9 413 604 580 121 1318 903 1527 839 2179 45 Wait 870 | . 10 22 . 3 267 35 263 141 129 . Move 6744 | 2 358 567 562 108 882 719 1087 561 1862 36 Hop . | . . . . . . . . . . . Pick Up 97 | . 6 8 4 . 26 3 21 9 20 . Fast Attach 32 | . . . . . 12 5 7 2 6 . Attach 19 | . . . 1 1 3 4 7 1 2 . Detach 7 | . . . 1 . . . 4 2 . . Swap 96 | 3 6 3 2 1 19 8 13 8 31 2 Drop 95 | 4 2 . . 1 29 4 19 12 24 . Fire 482 | . 31 4 . 7 71 78 105 76 103 7 Melee 37 | . . . 10 . . 27 . . . . Ram . | . . . . . . . . . . . Kick . | . . . . . . . . . . . Crush 4 | . . . . . 1 . 1 . 2 . Escape Stasis 51 | . . . . . 7 18 . 26 . . Rewire 1 | . . . . . . . . 1 . . Trap 3 | . . . . . 1 2 . . . . Miscellaneous . | . . . . . . . . . . . Route ------- -11/Scrapyard -10/Materials (discovered 3 exits: [*Mat] / [*Min x2]) -10/Mines (discovered 3 exits: [*Mat x2] / *Exi) -10/Exiles -9/Mines -8/Materials (discovered 4 exits: *Fac x3 / Gar) -8/Garrison (discovered 3 exits: *Mat x3) -8/Materials (discovered 3 exits: *Fac x2 / Gar) -8/Garrison (discovered 3 exits: *Fac x3) -7/Factory (discovered 4 exits: Fac x2 / *Low x2) -7/Waste History --------- Turn | Location | Event 1 | -11/Scrapyard | Discovered new exit (range 1) 10 | -11/Scrapyard | Entered Materials 111 | -10/Materials | Discovered new exit (range 6) 271 | -10/Materials | Discovered new exit (range 9) 308 | -10/Materials | Build established: Mutant 480 | -10/Materials | Discovered new exit (range 14) 559 | -10/Materials | Learned location of Mines (-10) 620 | -10/Materials | Learned Storage emergency access door positions 677 | -10/Materials | Entered Mines 677 | -10/Mines | Accompanied by 1 ally 680 | -10/Mines | Met a Derelict bent on vengeance 692 | -10/Mines | Deemed a non-threat by the Exiles lab entrance 747 | -10/Mines | Discovered new exit (range 5) 914 | -10/Mines | Discovered new exit (range 5) 946 | -10/Mines | Learned 2 Materials zone layouts 960 | -10/Mines | Found a hidden stash of uninstalled traps 1025 | -10/Mines | Discovered new exit (range 15) 1059 | -10/Mines | YI-UF0 nonchalantly dropped a Grenade Launcher on the ground 1542 | -10/Mines | Entered Exiles 1542 | -10/Exiles | Accompanied by 1 ally 1582 | -10/Exiles | Met 8R-AWN 1605 | -10/Exiles | Met EX-HEX 1646 | -10/Exiles | Met EX-BIN 1663 | -10/Exiles | Aligned with FarCom system 1664 | -10/Exiles | Given EX-Vault access code 1698 | -10/Exiles | Opened EX-Vault 1706 | -10/Exiles | Found Superbattery 1773 | -10/Exiles | Warned to stay clear of 0b10 Research branches 2019 | -10/Exiles | Visited The Gauntlet 2137 | -10/Exiles | Met EX-DEC 2266 | -10/Exiles | Learned location of Zion (-7) 2307 | -10/Exiles | Discovered new exit (range 14) 2327 | -10/Exiles | Left Exiles lab with Superbattery 2327 | -10/Exiles | Entered Mines 2327 | -9/Mines | Accompanied by 1 ally 2416 | -9/Mines | Discovered new exit (range 16) 2456 | -9/Mines | Destroyed 7 combat bots 2456 | -9/Mines | Learned Materials terminal intel 2504 | -9/Mines | Entered Materials 2504 | -8/Materials | Accompanied by 1 ally 2504 | -8/Materials | Evolved 4 slots: Propulsion x1, Utility x3 2505 | -8/Materials | Identified exit to Factory 2506 | -8/Materials | Loaded intel: 12 terminal locations 2947 | -8/Materials | Central database locked down 3153 | -8/Materials | Destroyed 9 combat bots 3237 | -8/Materials | Learned Storage garrison access intel 3266 | -8/Materials | Learned 4 Recycling zone layouts 3285 | -8/Materials | Learned Storage trap positions 3292 | -8/Materials | Learned location of 1 exit from Storage 3293 | -8/Materials | Learned Storage stockpile data 3305 | -8/Materials | Learned location of 3 exits from Factory 3325 | -8/Materials | Learned Storage non-interactive machine intel 3353 | -8/Materials | Learned Factory trap positions 3507 | -8/Materials | Build established: Scavenger-Mutant 3692 | -8/Materials | Central database locked down 4148 | -8/Materials | Repaired Shock Rifle 4201 | -8/Materials | Repaired Broken Shock Rifle 4254 | -8/Materials | Repaired Corrupted Hacking Suite 4343 | -8/Materials | Identified exit to Garrison 4343 | -8/Materials | Entered Garrison 4343 | -8/Garrison | Accompanied by 2 allies 4462 | -8/Garrison | Triggered checkpoint 4478 | -8/Garrison | Triggered checkpoint 4521 | -8/Garrison | Destroyed 11 combat bots 4819 | -8/Garrison | Garrison Relay disabled 4967 | -8/Garrison | Triggered checkpoint 5061 | -8/Garrison | Triggered checkpoint 5179 | -8/Garrison | Build established: Mutant 5325 | -8/Garrison | Phase Generator disabled 5361 | -8/Garrison | Discovered new exit (range 10) 5377 | -8/Garrison | Triggered checkpoint 5412 | -8/Garrison | Garrison Relay disabled 5556 | -8/Garrison | Discovered new exit (range 11) 5596 | -8/Garrison | Triggered checkpoint 5606 | -8/Garrison | Garrison Relay disabled 5780 | -8/Garrison | Discovered new exit (range 10) 5825 | -8/Garrison | Garrison Relay disabled 6016 | -8/Garrison | Entered Materials 6016 | -8/Materials | Accompanied by 2 allies 6053 | -8/Materials | Build established: Scavenger-Mutant 6320 | -8/Materials | Lost 4 parts (1p1n1u1w) 6494 | -8/Materials | Lost 3 parts (2n1w) 6588 | -8/Materials | Discovered exit to Factory (range 8) 6769 | -8/Materials | Build established: Hacker-Mutant 7152 | -8/Materials | Central database locked down 7433 | -8/Materials | Garrison activated, responded to threat 8166 | -8/Materials | Learned Factory emergency access door positions 8222 | -8/Materials | Repaired Broken Adv. Beam Rifle 8230 | -8/Materials | Learned 2 Lower Caves zone layouts 8267 | -8/Materials | Repaired Great Axe 8284 | -8/Materials | Learned location of 1 exit from Storage 8324 | -8/Materials | Discovered exit to Factory (range 13) 8330 | -8/Materials | Learned Storage trap positions 8390 | -8/Materials | Learned location of Lower Caves (-6) 8428 | -8/Materials | Learned Factory stockpile data 8474 | -8/Materials | Learned location of 1 exit from Lower Caves 8560 | -8/Materials | Identified exit to Garrison 8560 | -8/Materials | Entered Garrison 8560 | -8/Garrison | Accompanied by 2 allies 8726 | -8/Garrison | Core integrity fell below 50% 8834 | -8/Garrison | Triggered checkpoint 8946 | -8/Garrison | Discovered exit to Factory (range 86) 8946 | -8/Garrison | Discovered exit to Factory (range 60) 8946 | -8/Garrison | Discovered exit to Factory (range 77) 8986 | -8/Garrison | Garrison Relay disabled 9033 | -8/Garrison | Triggered checkpoint 9187 | -8/Garrison | Triggered checkpoint 9230 | -8/Garrison | Triggered checkpoint 9248 | -8/Garrison | Triggered checkpoint 9507 | -8/Garrison | Triggered checkpoint 9524 | -8/Garrison | Garrison Relay disabled 9728 | -8/Garrison | Triggered checkpoint 9774 | -8/Garrison | Garrison Relay disabled 9885 | -8/Garrison | Garrison Relay disabled 9950 | -8/Garrison | Entered Factory 9950 | -7/Factory | Accompanied by 1 ally 9950 | -7/Factory | Evolved 2 slots: Propulsion x1, Utility x1 9951 | -7/Factory | Identified exit to Lower Caves 9951 | -7/Factory | Identified exit to Factory 9952 | -7/Factory | Loaded intel: 103 trap records 10332 | -7/Factory | Repaired Corrupted Gatling Laser? 10575 | -7/Factory | Central database locked down 12107 | -7/Factory | Watched by a mysterious "MATRIX" hacker. 12189 | -7/Factory | Learned location of 2 exits from Archives 12234 | -7/Factory | Learned location of 1 exit from Proximity Caves 12244 | -7/Factory | Learned 4 Extension zone layouts 12249 | -7/Factory | Learned Extension trap positions 12264 | -7/Factory | Loaded intel: 26 terminal locations 12289 | -7/Factory | Loaded intel: 52 interactive machine locations 12459 | -7/Factory | Garrison activated, responded to threat 12564 | -7/Factory | Garrison activated, responded to threat 12750 | -7/Factory | First assault squad dispatched 13344 | -7/Factory | Repaired Med. Treads 13362 | -7/Factory | Sucked down chute 13362 | -7/Factory | Entered Waste 13377 | -7/Waste | EMP discharged 13377 | -7/Waste | System corruption reached 10% 13386 | -7/Waste | Spotted C-40 Crusher 13388 | -7/Waste | Spotted C-40 Crusher 13397 | -7/Waste | Destroyed C-40 Crusher 13403 | -7/Waste | Spotted C-40 Crusher 13420 | -7/Waste | Spotted C-40 Crusher 13423 | -7/Waste | Spotted C-40 Crusher 13434 | -7/Waste | Destroyed C-40 Crusher 13437 | -7/Waste | Destroyed C-40 Crusher 13438 | -7/Waste | Crushed by Compactor (1 part destroyed, 1 dropped) 13442 | -7/Waste | Crushed by Compactor (1 part destroyed, 1 dropped) 13446 | -7/Waste | Self-destructed Last Messages --------------- 13397_ C-40 Crusher destroyed. 13400_ The unstable cave ceiling collapses. 13402_ &URFW/W&B:A&03 4BMRH,2R X&WXWDRNUH 13404_ The unstable cave ceiling collapses. 13417_ FDL:T7P&P RSMDW54C5DLYQF 13417_ The unstable cave ceiling collapses. 13434_ C-40 Crusher destroyed. 13435_ System corrupted: Adv. Treads rejected. 13436_ Imp. Cooling System crushed. 13437_ C-40 Crusher destroyed. 13438_ The unstable cave ceiling collapses. 13438_ 147 Matter crushed. 13438_ Hvy. Rocket Launcher crushed. 13438_ Med. Treads crushed. 13438_ Critical hit (Destroy). 13439_ The unstable cave ceiling collapses. 13441_ Med. Treads crushed. 13442_ Adv. Treads crushed. 13442_ Imp. Medium Armor Plating crushed. 13442_ Arm. Treads crushed. Map ----- +----------------------------------------------------+ | ?????????????????????????????????????????????????? | | ?????????????????????????????????????????????????? | | ?????????????????????????????????????????????????? | | ?????????????????????????????????????????????????? | | ?????????????????????????????????????????????????? | | ?????????????????????????????????????????????????? | | ?????????????????????????????????????????????????? | | ?????????????????????????????????????????????????? | | ?????????????????????????????????????????????????? | | ?????????????????????????????????????????????????? | | ?????????????????????????????????????????????????? | | ?????????????????????????????????????????????????? | | ?????????????????????????????????????????????????? | | ?????????????????????????????????????????????????? | | ?????????????????????????????????????????????????? | | ???????????????????????????????? #???????????????? | | ??????????????????????????????? #???????????????? | | ?????????????????????????????? #???????????????? | | ?????????????????????????????? #???????????????? | | ?????????????????????????????* #???????????????? | | ???????????????????????????? #???????????????? | | ??????????????######???????? ????????????????? | | ??????????????# #??????? #?????????????????? | | ??????????????# ######## #?????????????????? | | ??????????????# ## # #?????????????????? | | ??????????????# ## @ #?????????????????? | | ????????????### # =# #######???????????? | | ????????????# C ?????????? | | ????????????# CC = %* ?????????? | | ????????????# CC == ?????????? | | ????????????# !! ?????????? | | ????????????### ## ########??????????? | | ??????????????# ## #????????????????? | | ??????????????# ## # #???????????????? | | ??????????????# # #???????????????? | | ????????????### ## # #???????????????? | | ????????????# % #???????????????? | | ????????????# # #???????????????? | | ????????????# #???????????????? | | ????????????# #???????????????? | | ????????????### # # ?????????????????? | | ############??# ## # ?????????????????? | | # #??# # ??????????????????? | | # #??# ??????????????????? | | # #### ## ##### ???????????????????? | | # #?##????? ???????????????????? | | # #?????????????????????????????? | | # #?????????????????????????????? | | # / #?????????????????????????????? | | # #### #?????????????????????????????? | +----------------------------------------------------+ Best States ------------- Heat Dissipation 48 Energy Generation 16 Energy Capacity 290 Matter Stores 300 Matter Capacity 300 Sight Range 16 Terrain Scan Density 10 Armor Coverage 300 Resistance: KI 20 Resistance: TH 10 Power Shielding 33 Evasion (%) 40 Targeting Accuracy 8 Recoil Reduction 4 Offensive Hacking 10 Defensive Hacking 20 Item Schematics ----------------- Hacking Suite | -8/Materials | Hacked Variable Charge Gun | -7/Factory | Hacked Robot Schematics ------------------ None Fabricated ------------ Nothing Repaired ---------- Shock Rifle | 12% | -8/Materials Shock Rifle | 99% | -8/Materials | Broken Hacking Suite | 80% | -8/Materials | Corrupted Adv. Beam Rifle | 81% | -8/Materials | Broken Great Axe | 52% | -8/Materials Gatling Laser | 76% | -7/Factory | Corrupted Med. Treads | 71% | -7/Factory Studied --------- Com. Wheel | -8/Materials | Hacked Lgt. Treads | -8/Materials | Hacked Alien Tech Used ----------------- None Achievements -------------- Analysis Probe Challenges ------------ None Game ------ Seed ProtonVisualNanoactuators Manual? 0 Play Time 01:33:06 Cumulative 330.2 hours Start 2026.03.11 @ 18:09:29 End 2026.03.11 @ 21:16:49 Sessions 7 Manual Loads 0 Difficulty Rogue Special Mode None Game No. 272 Rogue 236 Adventurer 36 Explorer 0 Win Type - Total 4 Types 2/0/0/1/0/0/0/1/0/0 Lore% 59 Gallery% 62 Achievement% 43 Wizard Run 0 Options --------- Layout 1 ASCII 0 Keyboard 0 Movement Numpad Keybinds 0 Fullscreen 1 Font 48/Smallcaps Map View 50x35 Zoom Use 0% Tactical HUD 1 Map Filters NONE Filters NONE Steam 1 RUN: e99f1680-9dab-4b8d-8324-3cee88a2d19e